 Dungeon Crawl Stone Soup version 0.28.0-43-g3370ac3207 (webtiles) character file.

Game seed: 10987505648110858477

26754 themarg the Thaumaturge (level 13, -16/79 HPs)
             Began as a Tengu Conjurer on Mar 5, 2022.
             Was an Elder of Vehumet.
             Demolished by a boulder beetle (28 damage)
             ... on level 3 of the Lair of Beasts on Mar 6, 2022.
             The game lasted 02:07:47 (24958 turns).

themarg the Thaumaturge (Tengu Conjurer)           Turns: 24958, Time: 02:07:47

Health: -16/79     AC:  6    Str:  8    XL:     13   Next: 28%
Magic:  1/32       EV: 29    Int: 24    God:    Vehumet [****..]
Gold:   661        SH:  0    Dex: 12    Spells: 15/40 levels left

rFire   . . .      SeeInvis +   G - +2 short sword (drain)
rCold   . . .      Faith    .   (no shield)
rNeg    . . .      Spirit   .   S - +0 acid dragon scales
rPois   .          Reflect  .   (helmet restricted)
rElec   .          Harm     .   p - scarf {+Inv}
rCorr   +          Rampage  .   (no gloves)
Will    +....                   (boots unavailable)
Stlth   ++........              J - amulet of the acrobat
HPRegen 0.23/turn               s - ring of see invisible
MPRegen 0.23/turn               K - ring of willpower

@: sluggish, acrobatic, flying quickly and evasively, studying Crossbows, very
slow
A: beak, talons 3, nimble flight
a: Renounce Religion, Evoke Invisibility


You were on level 3 of the Lair of Beasts.
You worshipped Vehumet.
Vehumet was greatly pleased with you.
You visited 2 branches of the dungeon, and saw 14 of its levels.
You also visited: Bailey.

You collected 918 gold pieces.
You spent 257 gold pieces at shops.

Inventory:

Hand Weapons
 G - a +2 short sword of draining (weapon)
 R - a +4 great sword of freezing
Missiles
 b - 435 stones
 f - 2 throwing nets
 q - 36 poisoned darts
Armour
 p - a scarf of invisibility (worn)
 O - +0 steam dragon scales
 Q - a +2 buckler
 S - +0 acid dragon scales (worn)
Jewellery
 d - an amulet of faith
 g - a ring of protection from cold
 s - a ring of see invisible (left hand)
 J - an amulet of the acrobat (around neck)
 K - a ring of willpower (right hand)
 V - a ring of wizardry
 W - a ring of protection from cold
 Y - a +6 ring of intelligence
 Z - a +4 ring of protection
Wands
 a - a wand of mindburst (2)
 u - a wand of paralysis (18)
 E - a wand of acid (15)
 H - a wand of digging (12)
 X - a wand of iceblast (10)
Scrolls
 c - a scroll of brand weapon
 e - a scroll of holy word
 j - a scroll of immolation {unknown}
 k - 3 scrolls of vulnerability
 n - 3 scrolls of enchant weapon
 t - 3 scrolls of noise {unknown}
 v - 2 scrolls of acquirement {unknown}
 w - 2 scrolls of teleportation
 x - 6 scrolls of summoning
 y - 2 scrolls of fog {unknown}
 C - a scroll of blinking
 D - 4 scrolls of enchant armour
 L - 2 scrolls of amnesia {unknown}
 M - 3 scrolls of identify
 P - 2 scrolls of fear
 T - a scroll of silence {unknown}
Potions
 h - 2 potions of curing
 i - 3 potions of attraction
 l - 6 potions of lignification
 m - 2 potions of haste
 o - 4 potions of degeneration
 r - 6 potions of brilliance
 z - 3 potions of heal wounds
 A - 4 potions of berserk rage
 B - a potion of resistance {unknown}
 F - 3 potions of mutation
 N - 3 potions of might
 U - 2 potions of magic {unknown}


   Skills:
 + Level 8.5 Fighting
 - Level 0.8 Short Blades
 + Level 3.7 Dodging
 + Level 3.9 Stealth
 - Level 1.3 Shields
 + Level 14.3 Spellcasting
 + Level 13.1 Conjurations
 - Level 3.2 Translocations
 - Level 1.4 Fire Magic
 + Level 1.1 Ice Magic
 - Level 9.3 Air Magic


You had 15 spell levels left.
You knew the following spells:

 Your Spells              Type           Power      Damage    Failure   Level
a - Magic Dart            Conj           100%       1d8       1%          1
b - Searing Ray           Conj           100%       2d8       1%          2
c - Foxfire               Conj/Fire      100%       2x1d9     1%          1
d - Iskenderun's Mystic   Conj/Tloc      54%        2d12      1%          4
e - Static Discharge      Conj/Air       63%        N/A       1%          2
f - Airstrike             Air            29%        N/A       1%          4
g - Hailstorm             Conj/Ice       51%        3d11      1%          4
h - Swiftness             Air            58%        N/A       1%          3
i - Fulminant Prism       Conj/Hex       24%        3d13      1%          4

Your spell library contained the following spells:

 Spells                   Type           Power      Damage    Failure   Level
 Shock                    Conj/Air       100%       1d9       1%          1
 Corpse Rot               Necr/Air       78%        N/A       1%          2
 Dazzling Flash           Conj/Hex       96%        N/A       1%          3
 Stone Arrow              Conj/Erth      96%        3d13      1%          3
 Blink                    Tloc           64%        N/A       2%          2
 Frozen Ramparts          Ice            44%        1d6       3%          3
 Lesser Beckoning         Tloc           32%        N/A       4%          3
 Animate Skeleton         Necr           34%        N/A       6%          1
 Beastly Appendage        Tmut           34%        N/A       6%          1
 Pain                     Necr           68%        1d7       6%          1
 Slow                     Hex            68%        N/A       6%          1
 Wereblood                Tmut           17%        N/A       9%          2
 Confusing Touch          Hex            17%        N/A       19%         3
 Spider Form              Tmut/Pois      17%        N/A       19%         3
 Vampiric Draining        Necr           17%        2d7       19%         3
 Manifold Assault         Tloc           32%        N/A       41%         5
 Ice Form                 Ice/Tmut       19%        N/A       43%         4
 Summon Ice Beast         Ice/Summ       19%        N/A       43%         4
 Animate Armour           Summ/Erth      34%        N/A       52%         4
 Cause Fear               Hex            8%         N/A       52%         4
 Dispel Undead            Necr           17%        3d10      52%         4
 Dispersal                Tloc           16%        N/A       94%         6
 Lehudib's Crystal Spear  Conj/Erth      24%        10d7      99%         8
 Death Channel            Necr           8%         N/A       100%        6
 Dragon Form              Tmut           8%         N/A       100%        7
 Disjunction              Tloc           16%        N/A       100%        8
 Dragon's Call            Summ           8%         N/A       100%        9


Dungeon Overview and Level Annotations

Branches:
Dungeon (11/15)            Temple (0/1) D:4            Lair (3/6) D:11
  Snake (0/4) Lair:2          Orc (0/2) D:9          Bailey (visited)
  Swamp: Lair:2-4    Shoals: Lair:2-4

Altars:
Elyvilon
Hepliaklqana
Makhleb
Okawaru
Qazlal
Ru
Sif Muna
Vehumet
Xom
Jiyva

Shops:
D:5 *   D:8 (

Annotations:
D:9 3 runed translucent doors, issech's ghost, novice TrMo


Innate Abilities, Weirdness & Mutations

You have a beak for a mouth.
You have claws for feet.
Your magical nature lets you fly swiftly and evasively.


Message History

The boulder beetle is moderately wounded.
The boulder beetle bites you!!
Casting: Airstrike (safe; 1% risk of failure)
Confirm with . or Enter, or press ? or * to list all spells.
Aiming: Airstrike (safe; 1% risk of failure)
Press: ? - help, Dir - move target, f/p - boulder beetle
Aim: a boulder beetle (moderately wounded, lightly drained, empty space bonus: 2/8)
The air twists around and strikes the boulder beetle!
The boulder beetle is heavily wounded.
The boulder beetle bites you!
* * * LOW HITPOINT WARNING * * *
Casting: Airstrike (safe; 1% risk of failure)
Confirm with . or Enter, or press ? or * to list all spells.
You feel quick. The boulder beetle barely misses you.
The boulder beetle curls into a ball and begins rolling!
You start to feel a little slower.
You feel sluggish.
The boulder beetle completely misses you.
The boulder beetle stops rolling and uncurls.
Press: ? - help, v - describe, . - travel The floor.
Casting: Swiftness (safe; 1% risk of failure)
Confirm with . or Enter, or press ? or * to list all spells.
You erupt in a blast of force!
The mystic blast hits the boulder beetle but does no damage.
The boulder beetle is moderately wounded.
The mystic blast hits the plant!
The plant begins to die.
The plant is lightly damaged.
The boulder beetle seems less drained.
The boulder beetle bites you!
* * * LOW HITPOINT WARNING * * *
The boulder beetle curls into a ball and begins rolling!
A nearby plant withers and dies.
The boulder beetle completely misses you.
The boulder beetle stops rolling and uncurls.
Casting: Iskenderun's Mystic Blast (mildly dangerous; 1% risk of failure)
Confirm with . or Enter, or press ? or * to list all spells.
You don't have enough magic to cast this spell.
You start to feel a little faster.
The boulder beetle bites you!!
You die...

....°.##.#..........## ##.).....#
...○...###.....P.....# ###...####
..##°.###P........+.#* #...<..##
####B###....P......######+.P...#
#..○.##...P........##.##..<....#*
#.°#P#*#...........#...'.......+,
#P°#####...............#.......P.
...°P#..+..........##.##.........
....°○.#.......B@.##...#....÷..##
.....####..........P.#.#.......#*
....## *#.........+..###.......P#
....# #......†....#.#*........##
P.P.# ##.#+P###.#####,#.......#
#..P#* ##..## ###* *****,*,*,*
#..PP* **#+#*****,* **,,,**
....,* *,,,,,,,*,**** ***+,***
,,,,,****,*,,,,,,+,,*****,,,,,,**


You could see a boulder beetle.

Vanquished Creatures
  2 hydras (Lair:1)
  2 vault guards (Bailey)
  A centaur warrior (D:10)
  7 two-headed ogres
  A death knight (D:7)
  Erica (D:9)
  The ghost of Minsecho the Basher, a novice OgBe of Trog (D:10)
  Nergalle (D:10)
  Pikel (D:9)
  An elephant (D:11)
  Joseph (D:9)
  6 cane toads
  Maggie (D:8)
  A rime drake (Lair:1)
  A komodo dragon (Lair:1)
  A troll (D:11)
  2 polar bears (Lair:2)
  Prince Ribbit (Bailey)
  A meliai zombie (D:10)
  3 shadows
  16 yaks
  A vampire (D:7)
  4 wyverns
  3 basilisks
  5 humans (Bailey)
  5 steam dragons
  2 acid dragons
  6 nagas (Lair:2)
  8 water moccasins
  A hornet zombie (D:7)
  A sky beast (D:8)
  3 orc warriors
  3 black bears
  3 centaurs
  An ogre (D:5)
  A necrophage (D:3)
  4 kobold brigands
  2 phantoms (D:9)
  6 scorpions
  14 bullfrogs
  A gnoll sergeant (D:10)
  A water moccasin skeleton (D:5)
  11 killer bees
  6 wights
  A howler monkey (D:11)
  An electric eel (Lair:2)
  3 crimson imps (D:6)
  3 centaur zombies
  A jelly (D:6)
  A bullfrog skeleton (D:7)
  9 orc priests
  5 hounds
  A centaur skeleton (D:6)
  2 scorpion zombies
  5 iguanas
  8 orc wizards
  A killer bee zombie (D:9)
  6 ogre zombies (D:9)
  Robin (D:2)
  2 howler monkey zombies
  A gnoll (Bailey)
  7 adders
  A howler monkey skeleton (D:7)
  4 white imps
  3 worms
  9 dart slugs (D:5)
  34 orcs
  10 endoplasms
  3 giant cockroaches
  11 hobgoblins
  3 jackals (D:4)
  3 quokkas
  5 ball pythons
  3 bats
  3 frilled lizards
  22 goblins
  A goblin skeleton (D:9)
  2 hobgoblin zombies (D:9)
  14 kobolds
  4 orc skeletons (D:9)
  12 orc zombies (D:9)
  5 rats
354 creatures vanquished.

Vanquished Creatures (others)
  A bush (Lair:1)
  117 foxfires
  6 fungi
  6 plants
130 creatures vanquished.

Grand Total: 484 creatures vanquished

Notes
Turn   | Place    | Note
-------+----------+-------------------------------------------
     0 | D:1      | themarg the Tengu Conjurer began the quest for the Orb.
     0 | D:1      | Reached XP level 1. HP: 10/10 MP: 4/4
   588 | D:1      | Reached XP level 2. HP: 15/15 MP: 4/6
   591 | D:1      | Learned a level 2 spell: Searing Ray
   897 | D:1      | Found a faded altar of an unknown god.
  1170 | D:2      | Reached XP level 3. HP: 16/19 MP: 0/7
  2388 | D:2      | Reached XP level 4. HP: 24/24 MP: 7/9
  2402 | D:2      | Noticed Robin
  2408 | D:2      | Killed Robin
  2686 | D:3      | Reached skill level 3 in Spellcasting
  2721 | D:3      | Found a stormy altar of Qazlal.
  3071 | D:3      | Gained mutation: Your magical nature lets you fly swiftly
                  | and evasively. [Tengu growth]
  3071 | D:3      | Reached XP level 5. HP: 25/28 MP: 5/10
  3197 | D:3      | Noticed a necrophage
  3354 | D:3      | Killed a necrophage
  3355 | D:3      | Reached skill level 4 in Spellcasting
  3355 | D:3      | Reached XP level 6. HP: 22/32 MP: 3/13
  3647 | D:3      | Found a sacrificial altar of Ru.
  3791 | D:3      | Found a radiant altar of Vehumet.
  3795 | D:3      | Became a worshipper of Vehumet
  4187 | D:4      | Noticed an orc warrior
  4396 | D:4      | Reached XP level 7. HP: 37/37 MP: 11/15
  4649 | D:4      | Reached * piety under Vehumet
  4649 | D:4      | Offered knowledge of Foxfire by Vehumet.
  4652 | D:4      | Learned a level 1 spell: Foxfire
  4693 | D:4      | Reached skill level 5 in Spellcasting
  4737 | D:4      | Found a staircase to the Ecumenical Temple.
  4757 | D:4      | Noticed a yak
  5095 | D:4      | HP: 1/37 [orc warrior/stone (7)]
  5402 | D:3      | HP: 1/37 [orc warrior/stone (3)]
  5779 | D:4      | Killed a yak
  5780 | D:4      | Reached XP level 8. HP: 37/42 MP: 7/17
  6025 | D:5      | Entered Level 5 of the Dungeon
  6117 | D:5      | Reached skill level 1 in Fighting
  6417 | D:5      | Reached skill level 6 in Spellcasting
  6509 | D:5      | Reached ** piety under Vehumet
  6517 | D:5      | Offered knowledge of Static Discharge by Vehumet.
  6533 | D:4      | Learned a level 4 spell: Iskenderun's Mystic Blast
  6536 | D:4      | Learned a level 2 spell: Static Discharge
  6677 | D:5      | Reached skill level 10 in Conjurations
  7130 | D:5      | Found Uvaed's General Store.
  7131 | D:5      | Found Joips's Specific Store.
  7141 | D:5      | Bought a scroll of summoning for 95 gold pieces
  7145 | D:5      | Bought a potion of heal wounds for 65 gold pieces
  7145 | D:5      | Bought a scroll of blinking for 97 gold pieces
  7490 | D:6      | Reached skill level 1 in Fire Magic
  7632 | D:6      | Found a white marble altar of Elyvilon.
  7912 | D:6      | Found a shimmering altar of Xom.
  7916 | D:6      | Reached XP level 9. HP: 47/47 MP: 10/19
  8498 | D:7      | Reached skill level 1 in Air Magic
  8855 | D:7      | Found a shimmering blue altar of Sif Muna.
  9019 | D:7      | Noticed a two-headed ogre
  9688 | D:7      | Reached skill level 5 in Air Magic
  9763 | D:7      | Offered knowledge of Poisonous Vapours by Vehumet.
  9838 | D:7      | Noticed a death knight
 10291 | D:7      | Found an iron altar of Okawaru.
 10471 | D:7      | Killed a two-headed ogre
 10472 | D:7      | Reached skill level 5 in Fighting
 10472 | D:7      | Reached XP level 10. HP: 46/60 MP: 2/21
 10675 | D:8      | Learned a level 4 spell: Airstrike
 10842 | D:8      | Found Hasiry Beir's Weapon Boutique.
 10874 | D:8      | Noticed Maggie
 10915 | D:8      | Killed Maggie
 10916 | D:8      | Reached skill level 7 in Spellcasting
 11824 | D:9      | Reached *** piety under Vehumet
 11825 | D:9      | Noticed Joseph
 11826 | D:9      | Reached skill level 1 in Translocations
 12039 | D:9      | Found a hazy altar of Hepliaklqana.
 12046 | D:9      | Noticed a two-headed ogre
 12052 | D:9      | Killed a two-headed ogre
 12060 | D:9      | Noticed Erica
 12164 | D:9      | Killed Erica
 12182 | D:9      | Identified the +8 hand axe "Huhianim" {antimagic, rElec
                  | Will+ Stlth-}
 12196 | D:9      | Reached skill level 8 in Spellcasting
 12248 | D:9      | Found a flagged portal.
 12261 | Bailey   | Entered a bailey
 12651 | Bailey   | Offered knowledge of Inner Flame by Vehumet.
 12658 | Bailey   | Reached XP level 11. HP: 64/64 MP: 1/24
 13058 | Bailey   | Noticed a vault guard
 13143 | Bailey   | Killed a vault guard
 13261 | Bailey   | Noticed Prince Ribbit
 13261 | Bailey   | Noticed a vault guard
 13357 | Bailey   | Killed Prince Ribbit
 13443 | Bailey   | Killed a vault guard
 13444 | Bailey   | Reached skill level 9 in Spellcasting
 13722 | D:9      | Killed Joseph
 13903 | D:9      | Found a burning altar of Makhleb.
 14070 | D:9      | Found a staircase to the Orcish Mines.
 14257 | D:9      | Reached **** piety under Vehumet
 14940 | D:9      | Noticed a two-headed ogre
 14947 | D:9      | Killed a two-headed ogre
 14948 | D:9      | Reached skill level 10 in Spellcasting
 15602 | D:9      | Noticed Pikel
 15607 | D:9      | Killed Pikel
 15767 | D:9      | Noticed a two-headed ogre
 15773 | D:9      | Killed a two-headed ogre
 16336 | D:9      | Found a runed translucent gate.
 16426 | D:9      | Found a runed translucent gate.
 16428 | D:9      | Found a runed translucent gate.
 16429 | D:9      | Noticed issech's ghost (novice TrMo)
 16485 | D:9      | Offered knowledge of Hailstorm by Vehumet.
 16921 | D:9      | Found a viscous altar of Jiyva.
 17028 | D:7      | Killed a death knight
 17029 | D:7      | Reached skill level 11 in Spellcasting
 17272 | D:10     | Entered Level 10 of the Dungeon
 17374 | D:10     | Noticed Minsecho's ghost (novice OgBe)
 17376 | D:10     | Found a runed translucent gate.
 17376 | D:10     | Found a runed translucent gate.
 17376 | D:10     | Noticed a centaur warrior
 17380 | D:10     | Noticed a two-headed ogre
 17384 | D:10     | Killed a two-headed ogre
 17385 | D:10     | Reached XP level 12. HP: 71/71 MP: 15/28
 17895 | D:10     | Noticed Nergalle
 17899 | D:10     | Killed Nergalle
 18040 | D:10     | Found a runed translucent gate.
 18470 | D:10     | Reached skill level 12 in Spellcasting
 18844 | D:11     | Found a staircase to the Lair.
 18921 | D:11     | Noticed a two-headed ogre
 18925 | D:11     | Killed a two-headed ogre
 19402 | D:11     | Noticed a two-headed ogre
 19406 | D:11     | Killed a two-headed ogre
 20302 | D:11     | Learned a level 4 spell: Hailstorm
 20306 | D:11     | Learned a level 3 spell: Swiftness
 20311 | D:11     | Learned a level 4 spell: Fulminant Prism
 20313 | Lair:1   | Entered Level 1 of the Lair of Beasts
 20339 | Lair:1   | Noticed a six-headed hydra
 20347 | Lair:1   | Killed a six-headed hydra
 20348 | Lair:1   | Reached skill level 13 in Spellcasting
 21202 | Lair:1   | Noticed a five-headed hydra
 21550 | Lair:1   | Noticed an eight-headed hydra
 21558 | Lair:1   | Killed an eight-headed hydra
 22491 | Lair:2   | Reached XP level 13. HP: 78/78 MP: 10/31
 22728 | Lair:2   | Found a staircase to the Snake Pit.
 22968 | Lair:2   | Reached skill level 14 in Spellcasting
 23347 | Lair:2   | Reached skill level 1 in Shields
 24481 | D:10     | Killed Minsecho's ghost
 24482 | D:10     | Reached skill level 1 in Ice Magic
 24958 | Lair:3   | Demolished by a boulder beetle

Illustrated notes

Levels and vault maps discovered:
D:1:      dpeg_arrival_simpleton_a, layout_basic,
          hellmonk_ecumenical_altar_inner_sanctum, minivault_24
D:2:      layout_basic, uniq_robin
D:3:      layout_rooms, mainiacjoe_overflow_tiny_flanked, lemuel_tele_altar,
          mainiacjoe_overflow_catwalk
D:4:      layout_cave_pools, minmay_temple_entry_drinking_statues,
          wad_floor_pattern_untrapped, minmay_manual_moon
D:5:      kennysheep_slugbush, layout_basic, nicolae_specific_store,
          minmay_misc_feat_columns, serial_bayou_pond_e
D:6:      layout_loops_cross, led_xom_imps, elyvilon_altar_1
D:7:      minmay_bubble_buster, layout_gridville, lemuel_crystal_altar,
          mainiacjoe_overflow_concentric_impassable
D:8:      layout_basic, serial_shops, shop_fountains, grunt_decor_fettered,
          uniq_maggie
D:9:      layout_layer_cave, mainiacjoe_overflow_brackets,
          mainiacjoe_overflow_alcove_1, zombieorc1_lemuel, enter_bailey_5,
          gammafunk_ghost_ooze, st_stairs_2, serial_park_tiny_2,
          hangedman_decor_diamond_cutter, uniq_erica, uniq_joseph, uniq_pikel
D:10:     layout_roguey, gammafunk_ghost_split, uniq_nergalle
D:11:     layout_small_grid, david_lair_generic
Lair:1:   layout_loops_ring, chequers_serial_rivers_small_a, st_stairs_8
Lair:2:   layout_regular_city, minmay_snake_entry_guardpost_medium,
          gammafunk_lair_bear_cave, infiniplex_staircase_pool,
          serial_bayou_shore_b, lemuel_fruit_fields
Lair:3:   layout_roguey, enter_volcano_4, nzn_sisyphean_effort,
          lemuel_fruit_fields, lemuel_fruit_tree

Skill      XL: |  1  2  3  4  5  6  7  8  9 10 11 12 13 |
---------------+----------------------------------------+-----
Conjurations   | 6 7 8 9 11 12 13 | 13.1
Spellcasting   | 3 4 5 6 8 11 13 14 | 14.3
Stealth        | 3 |  3.9
Fighting       | 1 5 6 8 |  8.5
Fire Magic     | 1 |  1.4
Dodging        | 3 |  3.7
Air Magic      | 7 9 |  9.3
Translocations | 1 3 |  3.2
Shields        | 1 |  1.3
Ice Magic      | 1 |  1.1
Short Blades   | |  0.8

Action                   |  1- 3 |  4- 6 |  7- 9 | 10-12 | 13-15 || total
-------------------------+-------+-------+-------+-------+-------++-------
Melee: Unarmed           |     6 |       |       |       |       ||     6
       Kick              |     1 |     2 |     3 |    24 |     6 ||    36
       Short sword       |     6 |     6 |     8 |    51 |    12 ||    83
       Punch             |     1 |       |       |     1 |       ||     2
       Peck              |       |       |     2 |    12 |     5 ||    19
 Cast: Magic Dart        |    56 |    64 |    56 |       |       ||   176
       Searing Ray       |     4 |    27 |    57 |    14 |       ||   102
       Foxfire           |       |       |    57 |    22 |       ||    79
       Static Discharge  |       |       |     7 |       |       ||     7
       Iskenderun's Myst |       |       |    34 |   125 |    19 ||   178
       Airstrike         |       |       |       |   229 |    56 ||   285
       Hailstorm         |       |       |       |     1 |       ||     1
       Swiftness         |       |       |       |       |     1 ||     1
Evoke: Wand              |       |       |     3 |     8 |       ||    11
  Use: Scroll            |       |     1 |     8 |     6 |     3 ||    18
       Potion            |       |       |     3 |     2 |     1 ||     6
 Stab: Sleeping          |     1 |       |     1 |       |       ||     2
Armor: Robe              |     3 |     3 |     4 |     1 |       ||    11
       Acid dragon scale |       |       |       |     3 |     3 ||     6
Dodge: Dodged            |    10 |    13 |    39 |    79 |    11 ||   152
